AoeStats
← SoC

Arena

510523671Analyzed
4v4 RM · 1d ago on Oct 1, 2026· 28m 24s· 8 players
Game mode
Random Map
Map size
Large (8 player)
Population
200
Speed
Normal
Resources
Standard
Victory
Conquest
Starting age
Dark Age
Ending age
Imperial Age
RankedLock teamsTeams togetherTeam positionsShared explorationLock speedFull tech treeHidden civsTurbo modeCheats
Victory
Defeat
🇨🇳 Danes · China
928
+7
🇨🇳 Cumans · China
576
+19
495
+22
🇨🇳 Britons · China
710
-16
🇨🇳 Magyars · China
704
-16
🇨🇳 Huns · China
665
-14
🇨🇳 Turks · China
601
-11
令饼作呕
10:51 Feudal Age
12:39 Loom
15:38 Castle Age
13:34 Double-Bit Axe
14:04 Horse Collar
14:48 Stone Mining
15:28 Gold Mining
17:40 Fervor
19:20 Fletching
19:40 Treadmill Crane
21:06 Man-at-Arms
22:05 Forging
21:55 Scale Mail Armor
24:28 Wheelbarrow
24:24 Scale Mail Armor
24:31 Pikeman
26:25 Bow Saw
27:48 Squires
WINGER
0:32 Loom
12:23 Feudal Age
16:13 Castle Age
14:15 Horse Collar
14:52 Double-Bit Axe
15:11 Gold Mining
16:57 Heavy Plow
17:12 Bow Saw
21:24 Stone Mining
25:24 Gold Shaft Mining
30:54 Imperial Age
DrakeTheThief
0:27 Loom
11:35 Feudal Age
20:08 Castle Age
18:15 Stone Mining
18:16 Gold Mining
18:07 Horse Collar
18:14 Double-Bit Axe
21:29 Heavy Plow
21:40 Bow Saw
22:31 Gold Shaft Mining
25:35 Fervor
26:26 Fortified Wall
SoC
8:13 Loom
11:39 Feudal Age
12:04 Double-Bit Axe
12:00 Horse Collar
15:16 Gold Mining
15:20 Stone Mining
16:12 Wheelbarrow
22:52 Castle Age
22:32 Scale Barding Armor
23:17 Bloodlines
24:06 Bow Saw
23:59 Heavy Plow
25:07 Gold Shaft Mining
24:46 Husbandry
26:31 Hand Cart
Gatherer
9:33 Feudal Age
10:06 Double-Bit Axe
12:39 Horse Collar
20:45 Castle Age
19:33 Wheelbarrow
20:44 Forging
20:39 Scale Barding Armor
21:30 Heavy Plow
21:41 Bow Saw
21:52 Bloodlines
28:48 Imperial Age
26:08 Loom
27:05 Hand Cart
27:38 Chain Barding Armor
27:54 Iron Casting
28:36 Iron Casting
28:45 Fletching
28:56 Padded Archer Armor
邦多利第一耐摔王-莫提斯
10:48 Feudal Age
11:45 Feudal Age
12:28 Double-Bit Axe
13:33 Horse Collar
16:23 Castle Age
18:02 Bow Saw
17:54 Heavy Plow
18:01 Heavy Plow
18:15 Bow Saw
22:35 Imperial Age
21:39 Chemistry
21:52 Heavy Plow
Tamerlane
10:51 Feudal Age
11:41 Horse Collar
14:36 Castle Age
13:58 Double-Bit Axe
15:30 Bow Saw
15:48 Heavy Plow
16:41 Wheelbarrow
21:31 Gold Mining
23:34 Stone Mining
24:44 Hand Cart
25:56 Loom
25:56 Town Watch
26:43 Forging
26:33 Scale Mail Armor
29:32 Imperial Age
27:47 Gold Shaft Mining
27:49 Stone Shaft Mining
MyGO!!!!! Dr. Shiina Taki
12:02 Feudal Age
15:55 Castle Age
14:23 Double-Bit Axe
17:26 Wheelbarrow
17:03 Bow Saw
17:21 Horse Collar
21:53 Heavy Plow
22:39 Hand Cart
23:16 Loom
24:49 Stone Mining
25:37 Scale Barding Armor
29:03 Imperial Age
26:51 Gold Mining
28:42 Chain Barding Armor
Connection lost

Rejoining the realm…

Still unreachable

The connection could not be restored.

Session expired

The server has moved on; the page needs a fresh start.